 Dungeon Crawl Stone Soup version 0.30.0-29-ga12c61a403 (webtiles) character file.

Game seed: 17516953124288798264

138962 ServingBeggar the Bludgeoner (level 17, -3/144 HPs)
             Began as a Formicid Fighter on June 10, 2023.
             Was a High Priest of Okawaru.
             Killed by an exploding bloated husk (24 damage)
             ... on level 4 of the Swamp.
             The game lasted 01:02:42 (28286 turns).

ServingBeggar the Bludgeoner (Formicid Fighter)    Turns: 28286, Time: 01:02:43

Health: -3/144     AC: 26    Str: 34    XL:     17   Next: 87%
Magic:  21/26      EV: 14    Int:  9    God:    Okawaru [*****.]
Gold:   2752       SH: 25    Dex: 13    Spells: 16/16 levels left

rFire   + . .        D - +6 great mace of the Tooth {venom, rF+ rC+ rN+ Will+}
rCold   + . .        Y - +0 tower shield
rNeg    + . .        f - +0 plate armour
rPois   +            (helmet unavailable)
rElec   .            c - +2 cloak {rPois}
rCorr   .            E - +1 pair of gloves of the Original Sin {Regen+}
SInv    +            j - +0 pair of boots
Will    ++...        U - amulet of reflection
Stlth   x              - +4 ring of slaying
HPRegen 1.24/turn    p - +6 ring of strength
MPRegen 0.20/turn

%: reflection
@: mighty, lethally poisoned (-3 -> -3), heroic, finesse-ful
A: permanent stasis, dig shafts and tunnels, antennae 3, four strong arms
a: Dig, Shaft Self, Renounce Religion, Heroism, Finesse, Duel


You were on level 4 of the Swamp.
You worshipped Okawaru.
Okawaru was extremely pleased with you.
You visited 5 branches of the dungeon, and saw 27 of its levels.
You visited 1 bazaar.
You also visited: Sewer and Volcano.

You collected 5223 gold pieces.
You spent 2471 gold pieces at shops.

Inventory:

Hand Weapons
 D - the +6 great mace of the Tooth (weapon) {venom, rF+ rC+ rN+ Will+}
   (Okawaru gifted it to you on level 1 of the Lair of Beasts)

   rF:        It protects you from fire.
   rC:        It protects you from cold.
   rN:        It protects you from negative energy.
   Will:      It increases your willpower.
Missiles
 A - a throwing net
Armour
 c - a +2 cloak of poison resistance (worn)
 f - a +0 plate armour (worn)
 j - a +0 pair of boots (worn)
 k - the +0 pair of gloves "Zojy" {rElec Dex+2}
   (You found it in a volcano)

   Dex:       It affects your dexterity (+2).
   rElec:     It insulates you from electricity.
 E - the +1 pair of gloves of the Original Sin (worn) {Regen+}
   (Okawaru gifted it to you on level 10 of the Dungeon)

   Regen:     It increases your rate of health regeneration.
 Y - a +0 tower shield (worn)
Jewellery
 p - a +6 ring of strength (right hand)
 x - a +4 ring of slaying (left hand)
 U - an amulet of reflection (around neck)
 W - an amulet of the acrobat
Wands
 a - a wand of mindburst (14)
 i - a wand of acid (9)
 o - a wand of paralysis (28)
 t - a wand of flame (25)
 z - a wand of iceblast (22)
 G - a wand of digging (9)
 H - a wand of polymorph (10)
Scrolls
 b - a scroll of poison
 g - a scroll of magic mapping
 v - 8 scrolls of immolation
 w - a scroll of enchant weapon
 y - 3 scrolls of vulnerability
 C - 7 scrolls of amnesia
 F - 4 scrolls of noise
 I - 2 scrolls of fear
 J - 6 scrolls of enchant armour
 M - 8 scrolls of identify
 Q - 3 scrolls of fog
 V - a scroll of brand weapon
Potions
 d - 8 potions of might
 e - 12 potions of curing
 h - 5 potions of haste
 l - 6 potions of mutation
 m - 7 potions of brilliance
 n - 4 potions of berserk rage
 q - 5 potions of heal wounds
 r - 3 potions of degeneration
 s - 8 potions of attraction
 u - a potion of resistance
 B - a potion of ambrosia
 L - 2 potions of invisibility
 N - 5 potions of cancellation
 O - a potion of magic
 P - a potion of lignification
 S - 5 potions of flight
Miscellaneous
 K - a lightning rod (4/4)
 R - a phantom mirror
 T - a tin of tremorstones (inert)
 X - a phial of floods
 Z - a piece from Xom's chessboard (15/15)


   Skills:
 * Level 16.2(21.2) Fighting
 * Level 17.2(22.2) Maces & Flails
 * Level 12.7(17.7) Armour
 + Level 9.7(14.7) Dodging
 - Level 0.6(5.6) Stealth
 * Level 13.8(18.8) Shields
 + Level 12.3 Invocations
 + Level 11.3 Evocations


You had 16 spell levels left.
You didn't know any spells.
Your spell library contained the following spells:

 Spells                   Type           Power      Damage    Failure   Level
 Shock                    Conj/Air       0%         1d3       94%         1
 Dazzling Flash           Conj/Hex       0%         N/A       100%        3
 Frozen Ramparts          Ice            0%         1d1       100%        3
 Ozocubu's Armour         Ice            0%         N/A       100%        3
 Portal Projectile        Hex/Tloc       0%         N/A       100%        3
 Volatile Blastmotes      Fire/Tloc      0%         2d10      100%        3
 Airstrike                Air            0%         2d(0-16)  100%        4
 Ice Form                 Ice/Tmut       0%         N/A       100%        4
 Iskenderun's Mystic Bla  Conj/Tloc      0%         2d3       100%        4
 Leda's Liquefaction      Hex/Erth       0%         N/A       100%        4
 Alistair's Intoxication  Tmut/Pois      0%         N/A       100%        5
 Blade Hands              Tmut           0%         N/A       100%        5
 Borgnjor's Vile Clutch   Necr/Erth      0%         N/A       100%        5
 Metabolic Englaciation   Hex/Ice        0%         N/A       100%        5
 Eringya's Noxious Bog    Tmut/Pois      0%         N/A       100%        6
 Iron Shot                Conj/Erth      0%         9d1       100%        6
 Starburst                Conj/Fire      0%         6d3       100%        6
 Call Canine Familiar     Summ           Unusable   N/A       N/A         3
 Swiftness                Air            Unusable   N/A       N/A         3
 Animate Armour           Summ/Erth      Unusable   N/A       N/A         4
 Summon Ice Beast         Ice/Summ       Unusable   N/A       N/A         4
 Simulacrum               Ice/Necr       Unusable   N/A       N/A         6

Dungeon Overview and Level Annotations

Branches:
Dungeon (15/15)            Temple (1/1) D:5            Lair (5/5) D:9
  Swamp (4/4) Lair:3        Snake (0/4) Lair:2        Slime (0/5) Lair:4
    Orc (2/2) D:11            Elf (0/3) Orc:2        Vaults (0/5) D:14
 Depths (0/4) D:15          Sewer (visited)         Volcano (visited)

Altars:
Ashenzari
Cheibriados
Dithmenos
Elyvilon
Fedhas
Gozag
Hepliaklqana
Kikubaaqudgha
Makhleb
Nemelex Xobeh
Okawaru
Qazlal
Ru
Sif Muna
Trog
Uskayaw
Vehumet
Wu Jian
Xom
Yredelemnul
Zin
The Shining One

Shops:
D:1 [   D:3 :   D:4 :   D:7 (   Orc:2 *!*(


Innate Abilities, Weirdness & Mutations

You cannot be hasted, slowed, berserked, paralysed or teleported.
You can dig through walls and to a lower floor.
You have a pair of large antennae on your head. (SInv)
Your four strong arms can wield two-handed weapons with a shield.


Message History

The spectral swamp dragon claws you but does no damage.
The spectral swamp dragon tramples you but does no damage.
A bloated husk comes into view.
An eight-headed hydra zombie comes into view.
The spectral swamp dragon bites you but does no damage.
The spectral swamp dragon claws you but does no damage.
The spectral swamp dragon closely misses you.
You hammer the bunyip like a gong!!!
The bunyip looks as sick as possible!
The bunyip is severely wounded.
You feel sick. The bunyip misses you. You block the bunyip's attack.
The bunyip barely misses you.
A bloated husk comes into view.
You hammer the bunyip like a gong!!!
You kill the bunyip!
Okawaru accepts your kill.
You feel sick.
You block the swamp dragon zombie's attack. x3
The spectral swamp dragon bites you but does no damage.
The spectral swamp dragon claws you but does no damage.
You block the spectral swamp dragon's attack.
You crush the spectral swamp dragon like a grape!!!
You destroy the spectral swamp dragon!
Okawaru accepts your kill.
You block the swamp dragon zombie's attack. x3
The spectral swamp dragon attacks as you move away!
You block the spectral swamp dragon's attack.
The spectral swamp dragon completely misses you.
You block the spectral swamp dragon's attack.
You feel sick.
The bloated husk explodes!
The blast of putrescent gases engulfs the eight-headed hydra zombie!!
The blast of putrescent gases engulfs the swamp dragon zombie!!!
The swamp dragon zombie is destroyed!
The blast of putrescent gases engulfs the bloated husk!!
The blast of putrescent gases engulfs you!!
* * * LOW HITPOINT WARNING * * *
The bloated husk explodes!
The blast of putrescent gases engulfs the eight-headed hydra zombie!!!
The blast of putrescent gases engulfs you!!
You die...

{{ { ##{{ {{ {
##≈{ {{{ ##≈.
##≈≈.####
##≈≈...○Z## { {
##♣ #≈≈≈Z.@.Z≈##
##≈≈
#.≈≈.###○..###
#≈≈≈ ##≈. {
##....#######≈≈≈
##
##..○☼..°##≈≈≈.
###☼°..○#≈≈≈≈. {
##°....≈≈≈..
###....≈≈..
###..~~≈. {{
####~≈.


You could see a spectral swamp dragon, an eight-headed hydra zombie and a swamp
dragon zombie.

Vanquished Creatures
  A thorn hunter (Swamp:3)
  Louise (Swamp:2)
  An orc warlord (Orc:2)
  An ironbound preserver (D:14)
  A stone giant (Volcano)
  4 eleionomae
  The ghost of FallenXxXSky the Basher, a journeyman HuWn of Nemelex Xobeh (Lair:1)
  2 dire elephants (Lair:3)
  4 bunyips
  The ghost of bmack86 the Cleaver, a journeyman MiFi of Gozag (D:10)
  Fannar (D:10)
  A shambling mangrove (Swamp:1)
  An ice dragon (Lair:4)
  Harold (D:10)
  5 centaur warriors
  The ghost of Gadrel the Fighter, a novice OgTm of Okawaru (D:9)
  Erolcha (D:10)
  17 hydras
  3 ghost crabs
  A boulder beetle (Lair:1)
  9 alligators
  4 two-headed ogres
  6 orc high priests
  3 death yaks (Lair:2)
  2 tengu warriors
  Urug (Lair:1)
  Sonja (D:10)
  2 fire crabs (Lair:3)
  A skyshark (Lair:5)
  5 goliath frogs
  A death drake (Swamp:4)
  Lodul (D:10)
  2 spriggan druids
  A spectral hydra (Swamp:4)
  A lindwurm (Lair:5)
  9 bog bodies
  A wizard (D:14)
  7 swamp dragons
  A necromancer (D:15)
  8 deep elf pyromancers
  A salamander (Lair:2)
  5 oklob plants (Lair:4)
  4 will-o-the-wisps
  3 orc sorcerers
  3 cyclopes
  6 ugly things (D:14)
  2 centaur zombies (D:15)
  5 manticores
  3 elephants (Lair:1)
  Maurice (D:10)
  3 black mambas
  Joseph (D:8)
  A naga mage (D:15)
  A torpor snail (Lair:2)
  5 gargoyles
  22 cane toads
  A centaur skeleton (D:15)
  2 molten gargoyles (Volcano)
  An unseen horror (D:13)
  Maggie (D:10)
  4 swamp worm zombies (Swamp:4)
  3 kobold demonologists
  2 rime drakes (Lair:4)
  5 komodo dragons
  4 tengu conjurers
  A hydra zombie (Swamp:4)
  An efreet (Volcano)
  7 trolls
  3 polar bears
  3 meliai (D:14)
  A bloated husk (Swamp:1)
  7 hornets
  8 tyrant leeches
  24 blink frogs
  2 spectral swamp dragons (Swamp:4)
  24 slime creatures
  3 alligator zombies (Swamp:4)
  A centaur simulacrum (D:15)
  7 spriggans
  3 wraiths
  41 yaks
  A vampire (D:9)
  6 wyverns
  8 steam dragons
  2 fire bats (Volcano)
  7 basilisks
  2 fire elementals (Volcano)
  16 vampire mosquitoes
  Grum (Lair:1)
  12 swamp worms
  3 wargs (Orc:2)
  11 water moccasins
  Duvessa (D:4)
  An acid dragon (D:12)
  27 orc warriors
  Pargi (Sewer)
  3 sky beasts (D:10)
  A swamp dragon zombie (Swamp:4)
  A black bear (Lair:1)
  5 ice beasts
  9 ogres
  11 centaurs
  24 wolves
  A phantom (D:7)
  10 kobold brigands
  Blork the orc (D:4)
  22 bullfrogs
  A gnoll sergeant (D:5)
  A necrophage (D:8)
  3 scorpions
  Dowan (D:4)
  5 killer bees
  2 howler monkeys
  5 electric eels
  10 lava snakes
  A crimson imp (D:5)
  An iron imp (D:7)
  5 jellies
  A gnoll bouda (D:5)
  24 orc priests
  A hound (D:5)
  3 sleepcaps
  5 iguanas
  Ijyb (D:4)
  Natasha (thrice) (D:4)
  25 orc wizards
  A hound skeleton (D:8)
  15 gnolls
  5 adders
  A shadow imp (D:7)
  4 white imps
  5 worms
  64 orcs
  5 ball pythons
  6 bats
  2 endoplasms
  5 giant cockroaches
  8 goblins
  6 hobgoblins
  2 jackals (Sewer)
  5 kobolds
  A quokka (D:1)
  4 frilled lizards
  2 goblin skeletons (D:5)
  3 goblin zombies (D:5)
  A hobgoblin zombie (D:5)
  An orc skeleton (D:5)
  2 orc zombies (D:5)
  4 rats
  A butterfly (Lair:5)
778 creatures vanquished.

Vanquished Creatures (others)
  A goliath frog (Swamp:3)
  4 bloated husks
  A swamp dragon zombie (Swamp:4)
  A phantom (Swamp:4)
  A bullfrog (D:8)
  26 foxfires
34 creatures vanquished.

Grand Total: 812 creatures vanquished

Notes
Turn   | Place    | Note
-------+----------+-------------------------------------------
     0 | D:1      | ServingBeggar the Formicid Fighter began the quest for the
                  | Orb.
     0 | D:1      | Reached XP level 1. HP: 18/18 MP: 1/1
   152 | D:1      | Reached XP level 2. HP: 21/24 MP: 2/2
   469 | D:1      | Reached skill level 3 in Maces & Flails
   545 | D:1      | Found Ruebymy's Antique Armour Emporium.
   642 | D:1      | Reached XP level 3. HP: 17/29 MP: 3/3
  1392 | D:2      | Reached skill level 4 in Maces & Flails
  1392 | D:2      | Reached XP level 4. HP: 35/35 MP: 4/4
  2065 | D:3      | Found Sablos's Book Shoppe.
  2113 | D:3      | Found a broken altar of Ashenzari.
  2315 | D:3      | Found a basalt altar of Yredelemnul.
  2882 | D:4      | Noticed Blork the orc
  2887 | D:4      | Killed Blork the orc
  2888 | D:4      | Reached skill level 5 in Maces & Flails
  2888 | D:4      | Reached XP level 5. HP: 36/41 MP: 5/5
  2936 | D:4      | Noticed Ijyb
  2945 | D:4      | Killed Ijyb
  3038 | D:4      | Noticed Natasha
  3042 | D:4      | Killed Natasha
  3043 | D:4      | Reached XP level 6. HP: 47/47 MP: 6/6
  3093 | D:4      | Found a glowing drain.
  3098 | Sewer    | Entered a sewer
  3152 | Sewer    | Noticed Pargi
  3173 | Sewer    | Killed Pargi
  3174 | Sewer    | Reached skill level 6 in Maces & Flails
  3240 | D:4      | Found Poshrige's Book Shoppe.
  3316 | D:4      | Noticed Natasha
  3325 | D:4      | Killed Natasha
  3372 | D:4      | Noticed Natasha
  3379 | D:4      | Killed Natasha
  3436 | D:4      | Reached XP level 7. HP: 49/52 MP: 7/7
  3576 | D:4      | Reached skill level 7 in Maces & Flails
  3813 | D:4      | Noticed Duvessa
  3813 | D:4      | Noticed Dowan
  3824 | D:4      | Killed Duvessa
  3837 | D:4      | Killed Dowan
  3838 | D:4      | Reached skill level 1 in Dodging
  4148 | D:5      | Entered Level 5 of the Dungeon
  4151 | D:5      | Found a white marble altar of Elyvilon.
  4217 | D:5      | Found a staircase to the Ecumenical Temple.
  4256 | Temple   | Entered the Ecumenical Temple
  4444 | Temple   | Became a worshipper of Warmaster Okawaru
  4553 | D:5      | Reached skill level 1 in Evocations
  4611 | D:5      | Noticed a steam dragon
  4618 | D:5      | Killed a steam dragon
  4619 | D:5      | Reached XP level 8. HP: 60/60 MP: 8/8
  4691 | D:5      | Reached skill level 1 in Invocations
  4700 | D:5      | Identified the +10 whip of Arutt {freeze, rElec Will++
                  | rCorr Stlth+}
  5004 | D:5      | Found a glowing golden altar of the Shining One.
  5042 | D:5      | Found Zin's Purification Station.
  5045 | D:5      | Found a glowing silver altar of Zin.
  5049 | D:5      | Reached * piety under Okawaru
  5052 | D:5      | Reached skill level 5 in Shields
  5198 | D:5      | Bought a potion of curing for 90 gold pieces
  5210 | D:5      | Reached skill level 5 in Fighting
  5384 | D:5      | Reached skill level 8 in Maces & Flails
  5393 | D:5      | Reached XP level 9. HP: 25/68 MP: 10/10
  6296 | D:6      | Reached ** piety under Okawaru
  6693 | D:6      | Found a large runed translucent door.
  6694 | D:6      | Found a large runed translucent door.
  6787 | D:6      | Found a hide-covered altar of Uskayaw.
  6801 | D:6      | Found a sparkling altar of Nemelex Xobeh.
  6883 | D:7      | Reached skill level 5 in Armour
  6885 | D:7      | Reached *** piety under Okawaru
  7134 | D:7      | Found a snail-covered altar of Cheibriados.
  7151 | D:7      | Reached XP level 10. HP: 77/77 MP: 12/12
  7175 | D:7      | Found Dits's Antique Weapon Shoppe.
  7491 | D:7      | Reached skill level 9 in Maces & Flails
  7566 | D:7      | Received a gift from Okawaru
  7909 | D:8      | Noticed a two-headed ogre
  7926 | D:8      | Killed a two-headed ogre
  7945 | D:8      | Reached **** piety under Okawaru
  8232 | D:8      | Found a burning altar of Makhleb.
  8473 | D:8      | Noticed Joseph
  8555 | D:8      | Killed Joseph
  8556 | D:8      | Reached skill level 5 in Invocations
  8663 | D:9      | Found a shadowy altar of Dithmenos.
  8827 | D:9      | Reached ***** piety under Okawaru
  9110 | D:9      | Found a staircase to the Lair.
  9123 | D:9      | Reached XP level 11. HP: 86/86 MP: 14/14
  9282 | D:9      | Found a runed translucent door.
  9282 | D:9      | Noticed Gadrel's ghost (novice OgTm)
  9372 | D:9      | Reached skill level 5 in Evocations
  9732 | D:9      | Reached skill level 10 in Maces & Flails
  9918 | D:9      | Killed Gadrel's ghost
  9980 | D:10     | Entered Level 10 of the Dungeon
  9986 | D:10     | Noticed a deep elf pyromancer
  9992 | D:10     | Noticed Harold
 10003 | D:9      | Killed a deep elf pyromancer
 10015 | D:10     | Killed Harold
 10163 | D:10     | Noticed Maggie
 10171 | D:10     | Noticed Maurice
 10173 | D:10     | Killed Maggie
 10179 | D:10     | Killed Maurice
 10213 | D:10     | Noticed a two-headed ogre
 10221 | D:10     | Killed a two-headed ogre
 10256 | D:10     | Reached skill level 5 in Dodging
 10277 | D:10     | Noticed Sonja
 10282 | D:10     | Killed Sonja
 10320 | D:10     | Identified the +1 pair of gloves of the Original Sin
                  | {Regen+} (Okawaru gifted it to you on level 10 of the
                  | Dungeon)
 10320 | D:10     | Received a gift from Okawaru
 10429 | D:10     | Noticed Erolcha
 10443 | D:10     | Reached XP level 12. HP: 86/92 MP: 16/16
 10449 | D:10     | Killed Erolcha
 10535 | D:10     | Found a stormy altar of Qazlal.
 10638 | D:10     | Noticed Lodul
 10687 | D:10     | Killed Lodul
 10688 | D:10     | Reached skill level 11 in Maces & Flails
 10792 | D:10     | Noticed Fannar
 10806 | D:10     | Killed Fannar
 10849 | D:10     | Found a runed translucent gate.
 10849 | D:10     | Found a runed translucent gate.
 10849 | D:10     | Found a runed translucent gate.
 10851 | D:10     | Noticed bmack86's ghost (journeyman MiFi)
 10853 | D:10     | Identified the +7 short sword of Midsummer {freeze, rElec
                  | rPois Dex+4}
 10887 | D:10     | Killed bmack86's ghost
 10888 | D:10     | Reached skill level 10 in Fighting
 11321 | D:11     | Found a staircase to the Orcish Mines.
 11623 | Lair:1   | Entered Level 1 of the Lair of Beasts
 11644 | Lair:1   | Identified the +6 great mace of the Tooth {venom, rF+ rC+
                  | rN+ Will+} (Okawaru gifted it to you on level 1 of the Lair
                  | of Beasts)
 11644 | Lair:1   | Received a gift from Okawaru
 11673 | Lair:1   | Reached skill level 12 in Maces & Flails
 11679 | Lair:1   | Reached XP level 13. HP: 85/104 MP: 18/18
 11764 | Lair:1   | Noticed Grum
 11774 | Lair:1   | Killed Grum
 11938 | Lair:1   | Noticed Urug
 11953 | Lair:1   | Killed Urug
 12047 | Lair:1   | Identified the +0 scale mail of Happy Babbling {Will++}
                  | (Okawaru gifted it to you on level 1 of the Lair of Beasts)
 12047 | Lair:1   | Received a gift from Okawaru
 12190 | Lair:1   | Reached skill level 10 in Shields
 12264 | Lair:1   | Found a transporter.
 12288 | Lair:1   | Found a transporter.
 12325 | Lair:1   | Noticed FallenXxXSky's ghost (journeyman HuWn)
 12530 | Lair:1   | Killed FallenXxXSky's ghost
 12854 | Lair:2   | Identified a scroll of acquirement
 12857 | Lair:2   | Acquired 982 gold pieces
 13203 | Lair:2   | Found a staircase to the Snake Pit.
 13850 | Lair:3   | Reached XP level 14. HP: 103/115 MP: 20/20
 14005 | Lair:3   | Received a gift from Okawaru
 14014 | Lair:3   | Found a staircase to the Swamp.
 14415 | Lair:3   | Noticed a dire elephant
 14429 | Lair:3   | Killed a dire elephant
 14794 | Lair:3   | Noticed a dire elephant
 14843 | Lair:3   | Killed a dire elephant
 15407 | Lair:4   | Found a dark tunnel.
 15417 | Volcano  | Entered a volcano
 15856 | Volcano  | Found a radiant altar of Vehumet.
 15933 | Volcano  | Noticed a stone giant
 15942 | Volcano  | Killed a stone giant
 15968 | Volcano  | Identified the +0 pair of gloves "Zojy" {rElec Dex+2}
 16702 | Lair:4   | Reached skill level 10 in Invocations
 16831 | Lair:4   | Found a staircase to the Slime Pits.
 16936 | Lair:4   | Reached skill level 10 in Armour
 17048 | Lair:4   | Reached ****** piety under Okawaru
 17182 | Lair:5   | Entered Level 5 of the Lair of Beasts
 17203 | Lair:5   | Reached skill level 13 in Maces & Flails
 17216 | Lair:5   | Reached XP level 15. HP: 124/124 MP: 22/22
 17226 | Lair:5   | Found a hide-covered altar of Uskayaw.
 17368 | Lair:5   | Received a gift from Okawaru
 17779 | Lair:5   | Received a gift from Okawaru
 18170 | Lair:5   | Reached skill level 14 in Maces & Flails
 19253 | D:12     | Identified the +1 spear of Hacking and Slashing {heavy,
                  | rC+}
 19594 | Orc:1    | Entered Level 1 of the Orcish Mines
 19804 | Orc:2    | Entered Level 2 of the Orcish Mines
 19919 | Orc:2    | Reached skill level 10 in Evocations
 19971 | Orc:2    | Found a staircase to the Elven Halls.
 19996 | Orc:2    | Found a flickering gateway to a bazaar.
 20021 | Bazaar   | Entered a bazaar
 20048 | Bazaar   | Found Fihoicru's Assorted Antiques.
 20048 | Bazaar   | Found Rosmost's Jewellery Emporium.
 20070 | Bazaar   | Found Quuwekku's Antique Weapon Shoppe.
 20070 | Bazaar   | Found Lewnorghy's Distillery.
 20092 | Bazaar   | Found Lashyfet's Book Emporium.
 20158 | Bazaar   | Bought a tin of tremorstones (2/2) for 640 gold pieces
 20158 | Bazaar   | Bought 2 potions of might for 128 gold pieces
 20158 | Bazaar   | Bought a scroll of identify for 32 gold pieces
 20158 | Bazaar   | Bought a potion of curing for 48 gold pieces
 20158 | Bazaar   | Bought a scroll of enchant armour for 120 gold pieces
 20158 | Bazaar   | Bought a scroll of enchant armour for 120 gold pieces
 20167 | Bazaar   | Bought an amulet of reflection for 420 gold pieces
 20196 | Bazaar   | Bought a potion of curing for 27 gold pieces
 20196 | Bazaar   | Bought a potion of invisibility for 72 gold pieces
 20196 | Bazaar   | Bought a potion of curing for 27 gold pieces
 20200 | Bazaar   | Bought a potion of cancellation for 72 gold pieces
 20200 | Bazaar   | Bought a potion of attraction for 27 gold pieces
 20462 | Orc:2    | Found Buojoy's Weapon Boutique.
 20462 | Orc:2    | Found Mogula's Assorted Antiques.
 20462 | Orc:2    | Found Qaacunki's Assorted Antiques.
 20472 | Orc:2    | Found Jockoikoli's Distillery.
 20505 | Orc:2    | Bought a potion of curing for 48 gold pieces
 20505 | Orc:2    | Bought a potion of curing for 48 gold pieces
 20505 | Orc:2    | Bought a potion of heal wounds for 80 gold pieces
 20505 | Orc:2    | Bought a potion of heal wounds for 80 gold pieces
 20505 | Orc:2    | Bought a potion of curing for 48 gold pieces
 20505 | Orc:2    | Bought a potion of heal wounds for 80 gold pieces
 20506 | Orc:2    | Bought a potion of curing for 99 gold pieces
 20506 | Orc:2    | Bought a potion of heal wounds for 165 gold pieces
 20573 | Orc:2    | Noticed an orc warlord
 20611 | Orc:2    | Killed an orc warlord
 21566 | D:13     | Reached skill level 15 in Maces & Flails
 21566 | D:13     | Reached XP level 16. HP: 134/134 MP: 24/24
 22730 | D:14     | Identified the +0 chain mail of the Tentacled Ladybird
                  | {rElec} (Okawaru gifted it to you on level 14 of the
                  | Dungeon)
 22730 | D:14     | Received a gift from Okawaru
 22731 | D:14     | Reached skill level 15 in Fighting
 22905 | D:14     | Found a gate to the Vaults.
 23425 | D:15     | Entered Level 15 of the Dungeon
 24377 | D:15     | Found a staircase to the Depths.
 24664 | Swamp:1  | Entered Level 1 of the Swamp
 24680 | Swamp:1  | Reached skill level 16 in Maces & Flails
 25488 | Swamp:1  | Received a gift from Okawaru
 25662 | Swamp:2  | Reached XP level 17. HP: 122/142 MP: 25/25
 26091 | Swamp:2  | Noticed Louise
 26105 | Swamp:2  | Killed Louise
 26603 | Swamp:3  | Noticed a thorn hunter
 26619 | Swamp:3  | Killed a thorn hunter
 27030 | Swamp:3  | Reached skill level 17 in Maces & Flails
 27035 | Swamp:3  | Identified the +0 scale mail "Hek Suaz" {Int+3} (Okawaru
                  | gifted it to you on level 3 of the Swamp)
 27035 | Swamp:3  | Received a gift from Okawaru
 27089 | Swamp:3  | Found an ancient bone altar of Kikubaaqudgha.
 27418 | Swamp:4  | Entered Level 4 of the Swamp
 28286 | Swamp:4  | Killed by an exploding bloated husk

Illustrated notes

Levels and vault maps discovered:
D:1:      ebering_trefoil_3fold, layout_loops_corners, serial_shops, shop
D:2:      layout_loops_corners
D:3:      layout_loops_cross, ashenzari_altar_1, mainiacjoe_overflow_24_doors,
          serial_shops, shop, nrook_loot_triangle, minmay_quantized
D:4:      layout_basic, serial_shops, shop_coins, gup_sewer_entry_bowl,
          minmay_misc_feat_rows, uniq_blork_the_orc, uniq_ijyb, uniq_duvessa,
          uniq_natasha
D:5:      minmay_skewed_foursquare, layout_basic, nicolae_tso_besieged_by_evil,
          zin_purify, nicolae_elyvilon_temple_path,
          minmay_temple_entry_overgrown
D:6:      layout_rooms, jmf_multi_god_temple2
D:7:      layout_loops_cross, slow_altar_2, serial_shops,
          nicolae_shop_hallway_plus, st_stairs_1, hex_tiny
D:8:      layout_cave_pools, makhleb_blood_cavern_becter, minmay_crystal_water,
          minivault_14, uniq_joseph
D:9:      layout_loops_corners, nicolae_overflow_crystal_walls,
          dpeg_oklobed_lair, gammafunk_ghost_grave
D:10:     layout_roguey, grunt_qazlal_clouds, gammafunk_ghost_nasty_kobolds,
          hangedman_misty_isle, uniq_fannar, uniq_harold, uniq_maurice,
          uniq_maggie, uniq_lodul, uniq_sonja, uniq_erolcha
D:11:     layout_big_octagon, hiddenorc1_lemuel
D:12:     layout_roguey, kb_lookout_dungeons_type
D:13:     layout_gridville, dk_noncrumbling_4
D:14:     layout_irregular_city, skrybe_vaults_entry_preservation
D:15:     grunt_enter_depths_magical_seal, layout_stronghold,
          grunt_decor_arrowhead, st_stairs_13, roderic_serpentine_path
Temple:   bh_familiar_temple
Lair:1:   layout_long_grid, nzn_ghost_randoct, uniq_urug, uniq_grum
Lair:2:   layout_hall_layers, nicolae_snake_entry_warm_welcome
Lair:3:   layout_cave_pods, minmay_swamp_entry_worms, serial_bayou,
          serial_bayou_ford_a, serial_bayou_pond_c, serial_bayou_lake_a,
          serial_bayou_lagoon_a, nicolae_lair_lakeside_cave
Lair:4:   layout_misc_corridors, minmay_slime_entry_oklob_open,
          nicolae_volcano_entry_two_sided, chequers_serial_rivers_large_a,
          bobbens_ice_dragon_lair, serial_bayou_shore_b, serial_bayou_shore_a
Lair:5:   minmay_lair_end_frog_pond, layout_layer_cave, basic_altar,
          lemuel_fruit_fields
Swamp:1:  layout_basic_swamp, nicolae_swamp_fairy_circle, swamp_pool4,
          nicolae_swamp_trees_clearing
Swamp:2:  layout_basic_swamp, serial_swamp_ruin, evilmike_swamp_ruin_house_4,
          evilmike_swamp_ruin_house_5, uniq_louise
Swamp:3:  layout_basic_swamp, evilmike_swamp_ruin_rubble_1, swamp_pool4,
          grunt_ruined_hall, infiniplex_staircase_pool
Swamp:4:  swamp_pestilence, layout_basic_swamp, grunt_hermit_hut
Orc:1:    layout_diamond_mine
Orc:2:    st_orc_mages, layout_caves, serial_shops, bzr_entry_gold,
          bh_open_orc_temple

Skill      XL: |  1  2  3  4  5  6  7  8  9 10 11 12 13 14 15 16 17 |
---------------+----------------------------------------------------+-----
Maces & Flails | 3 4 5 6 7 8 9 10 12 13 15 16 17 | 17.2
Dodging        | 1 2 3 4 5 7 8 9 |  9.7
Evocations     | 1 2 3 4 5 6 8 9 10 11 | 11.3
Fighting       | 4 5 6 8 9 10 12 13 14 15 16 | 16.2
Invocations    | 2 3 5 6 7 8 10 11 12 | 12.3
Armour         | 4 5 6 7 9 10 11 12 | 12.7
Shields        | 5 6 7 8 9 10 11 12 13 | 13.8
Stealth        | |  0.6

Action                     |  1- 3 |  4- 6 |  7- 9 | 10-12 | 13-15 | 16-18 || total
---------------------------+-------+-------+-------+-------+-------+-------++-------
  Melee: Flail             |    86 |   115 |    85 |       |       |       ||   286
         Whip              |       |       |   190 |   430 |  1220 |       ||  1840
         Great mace        |       |       |       |       |    48 |   675 ||   723
 Invoke: Heroism           |       |       |       |     6 |     5 |     6 ||    17
         Finesse           |       |       |       |     3 |     3 |     5 ||    11
Ability: Dig               |       |       |     2 |     4 |     5 |       ||    11
  Evoke: Wand              |       |       |     6 |    19 |    24 |     5 ||    54
         Lightning rod     |       |       |       |       |     3 |       ||     3
         Tin of tremorston |       |       |       |       |       |     4 ||     4
         Phial of floods   |       |       |       |       |       |     1 ||     1
    Use: Scroll            |       |     6 |     4 |    10 |    12 |     1 ||    33
         Potion            |       |     2 |       |     2 |     3 |     3 ||    10
   Stab: Paralysed         |       |       |     6 |     8 |       |       ||    14
 Armour: Scale mail        |    25 |       |       |       |       |       ||    25
         Plate armour      |    14 |    90 |   103 |   153 |   325 |   397 ||  1082
  Dodge: Dodged            |    34 |    40 |    71 |   157 |   333 |   295 ||   930
  Block: Buckler           |    29 |    26 |    50 |    98 |   237 |       ||   440
         Kite shield       |       |       |       |       |    48 |   433 ||   481
         Reflection        |       |       |       |       |     2 |    23 ||    25
         Tower shield      |       |       |       |       |       |   335 ||   335
